 Dungeon Crawl Stone Soup version 0.32-a0-898-g7811c86cf0 (webtiles) character file.

Game seed: 458921170369821919

345 Biggs the Shooter (level 6, 0/48 HPs)
             Began as a Coglin Hunter on Apr 5, 2024.
             Killed by divine providence
             ... invoked by an orc priest
              (8 damage)
             ... on level 4 of the Dungeon.
             The game lasted 00:03:20 (1762 turns).

Biggs the Shooter (Coglin Hunter)                   Turns: 1762, Time: 00:03:20

Health: 0/48       AC:  3    Str: 11    XL:     6   Next: 58%
Magic:  6/6        EV: 12    Int:  9    God:
Gold:   95         SH:  0    Dex: 19    Spells: 5/5 levels left

rFire   + . .        a - +2 sling {Soledad}
rCold   + . .        d - +0 sling {Ning}
rNeg    . . .        c - +0 leather armour
rPois   +            (no helmet)
rElec   +            (no cloak)
rCorr   +            (no gloves)
SInv    .            (no boots)
Will    .....        (amulet unavailable)
Stlth   ++           (ring unavailable)
HPRegen 0.28/turn    (ring unavailable)
MPRegen 0.10/turn    (no gizmo)

%: no passive effects
@: resistant, revving
A: off-hand wielding, slow wielding, warmup strikes, no jewellery
a: Invent Gizmo, Convert to Beogh


You were on level 4 of the Dungeon.
You visited 1 branch of the dungeon, and saw 4 of its levels.

You collected 95 gold pieces.

Inventory:

Hand Weapons
 a - a +2 sling (weapon) {Soledad}
 d - a +0 sling (offhand) {Ning}
Armour
 c - a +0 leather armour (worn)
Scrolls
 e - a scroll of enchant weapon {unknown}
 h - 2 scrolls of poison {unknown}
 i - 3 scrolls of identify {unknown}
 j - a scroll of torment {unknown}
 l - a scroll of revelation {unknown}
 o - a scroll of enchant armour {unknown}
 r - a scroll of fog {unknown}
Potions
 f - a potion of brilliance {unknown}
 g - a potion of resistance
 k - 2 potions of might {unknown}
 m - 2 potions of enlightenment {unknown}
 n - 2 potions of curing {unknown}
 p - a potion of haste {unknown}
 q - 2 potions of attraction {unknown}
 s - 2 potions of mutation {unknown}


   Skills:
 + Level 3.7 Fighting
 + Level 4.6 Ranged Weapons
 + Level 3.3 Dodging
 + Level 2.9 Stealth


You had 5 spell levels left.
You didn't know any spells.
Your spell library contained the following spells:

 Spells                   Type           Power      Damage    Failure   Level
 Apportation              Tloc           0%         N/A       47%         1
 Necrotise                Necr           0%         1d4       47%         1
 Sting                    Conj/Alch      0%         1d3       47%         1
 Summon Small Mammal      Summ           0%         N/A       47%         1


Dungeon Overview and Level Annotations

Branches:
Dungeon (4/15)
 Temple: D:4-7

Altars:
Yredelemnul


Innate Abilities, Weirdness & Mutations

You can wield a second weapon in your off-hand.
It takes a long time for you to wield or remove held weapons.
Your first few attacks do less damage.
You cannot equip rings or amulets.


Message History

The orc barely misses you.
Unknown command.
You are too injured to fight recklessly!
Unknown command.
The orc priest begins to cast a cantrip, but forgets the words!
Unknown command.
The orc attacks as it pursues you! The orc barely misses you.
The orc attacks as it pursues you! The orc barely misses you.
You see here the +0 robe of Sotefimo {Str+2}.
Fire: a) +2 sling {Soledad}
Press: ? - help, Q - select action Shift-Dir - straight line, f - orc priest, p - orc
Aim: an orc priest, wielding a +0 short sword (64% to hit)
You shoot a sling bullet. The sling bullet hits the orc.
You kill the orc!
You shoot a sling bullet.
The orc priest threatens, "Beogh's wrath is as vast as their mercy.
Make your choice!"
The sling bullet hits the orc priest.
The orc priest threatens, "Beogh's wrath is as vast as their mercy.
Make your choice!"
The orc priest is moderately wounded.
The orc priest mumbles some strange prayers to Beogh against you.
Pain shoots through your body!
* * * LOW HITPOINT WARNING * * *
Unknown command.
It was a potion of resistance.
You feel protected.
As you read the scroll of butterflies, it crumbles to dust.
You hear the flapping of tiny wings.
The orc is knocked back by the sudden gust.
The orc priest is knocked back by the sudden gust.
The orc priest shouts, "Surrender to Beogh and we'll let you live!"
You swap places.
The orc priest misses your butterfly.
The orc hits your butterfly with a +0 falchion.
Your butterfly dies!
Your butterfly disappears in a burst of colours!
You swap places.
You swap places.
You swap places.
The orc priest calls down the wrath of Beogh upon you.
Beogh smites you!
You die...

#######
#....†##.#
#...<.##.#
#.....##.#
#.....##.#
#.....##.#
#.....##.#
#...b.##b#
#.....b@b##
#....b#bbb#
########b.####


#bbboo# #b###o## ##b# ##o## .#####..## ##.# .........## #.## #
#####..#..###)o###.###. You could see 2 orc priests and an orc (wandering).

Vanquished Creatures
  A howler monkey (D:4)
  A bombardier beetle (D:3)
  A hound (D:4)
  2 orc priests (D:2)
  3 gnolls (D:2)
  5 adders
  3 dart slugs
  2 ribbon worms
  9 orcs
  12 ball pythons
  12 endoplasms
  7 giant cockroaches
  3 goblins
  4 hobgoblins
  3 jackals (D:4)
  4 quokkas
  4 bats (D:2)
  A frilled lizard (D:1)
  4 kobolds
  4 rats
85 creatures vanquished.

Notes
Turn   | Place    | Note
-------+----------+-------------------------------------------
     0 | D:1      | Biggs the Coglin Hunter began the quest for the Orb.
     0 | D:1      | Reached XP level 1. HP: 16/16 MP: 1/1
    95 | D:1      | Reached skill level 1 in Stealth
   131 | D:1      | Reached XP level 2. HP: 21/22 MP: 2/2
   374 | D:1      | Found a faded altar of an unknown god.
   374 | D:1      | Noticed a red devil
   614 | D:2      | Reached XP level 3. HP: 28/28 MP: 3/3
   621 | D:2      | Reached skill level 4 in Ranged Weapons
   624 | D:2      | Reached XP level 4. HP: 32/34 MP: 4/4
   836 | D:2      | Reached XP level 5. HP: 41/41 MP: 5/5
  1006 | D:2      | Found a basalt altar of Yredelemnul.
  1159 | D:3      | Reached XP level 6. HP: 47/47 MP: 6/6
  1676 | D:4      | Identified the +0 robe of Sotefimo {Str+2}
  1762 | D:4      | Killed from afar by an orc priest

Illustrated notes

Levels and vault maps discovered:
D:1:      ncdulo_watergridlock, layout_loops_ring,
          dreamdust_ecumenical_altar_sealed_demon
D:2:      layout_rooms, basic_altar, minmay_vboxes
D:3:      layout_loops_ring
D:4:      layout_rooms, chequers_temple_overflow_minitemple,
          minmay_temple_entry_water_ring

Skill      XL: |  1  2  3  4  5 |
---------------+----------------+-----
Stealth        | 1 2 |  2.9
Dodging        | 2 3 |  3.3
Ranged Weapons | 4 |  4.6
Fighting       | 3 |  3.7

Action                     |  1- 3 |  4- 6 || total
---------------------------+-------+-------++-------
   Fire: Sling             |    78 |   250 ||   328
    Use: Scroll            |       |     1 ||     1
         Potion            |       |     1 ||     1
 Armour: Leather armour    |     1 |    23 ||    24
  Dodge: Dodged            |     1 |    31 ||    32

Table legend: (Time is in decaauts)
 A = Elapsed time spent in this place.
 B = Non-inter-level travel time spent in this place.
 C = Inter-level travel time spent in this place.
 D = Time resting spent in this place.
 E = Time spent auto-exploring this place.
 F = Levels seen in this place.
 G = Mean time per level.
                   A        B        C        D        E       F      G
               +--------+--------+--------+--------+--------+-----+--------+
         Total |   1802 |   1737 |     65 |     62 |   1326 |   4 |  450.5 |
       Dungeon |   1802 |   1737 |     65 |     62 |   1326 |   4 |  450.5 |
               +--------+--------+--------+--------+--------+-----+--------+

Top non-repeatable levels by time:
     D:1: 665 daAuts
     D:3: 600 daAuts
     D:2: 426 daAuts
     D:4: 109 daAuts
